AoeStats
← DeathBlack

Arabia

504672035Analyzed
4v4 RM · 26d ago on Sep 6, 2026· 39m 1s· 8 players
Game mode
Random Map
Map size
Large (8 player)
Population
200
Speed
Normal
Resources
Standard
Victory
Conquest
Starting age
Dark Age
Ending age
Imperial Age
RankedLock teamsTeams togetherTeam positionsShared explorationLock speedFull tech treeHidden civsTurbo modeCheats
Victory
Defeat
🇨🇳 Ethiopians · China
1055
+15
🇹🇭 Burgundians · Thailand
979
+18
🇭🇰 Gurjaras · Hong Kong SAR China
972
+18
🇹🇼 Chinese · Taiwan
958
+19
🇨🇴 Persians · Colombia
1043
-18
🇨🇴 Slavs · Colombia
1031
-18
🇯🇵 Franks · Japan
1016
-17
🇩🇪 Burgundians · Germany
1014
-17
jphilkill
0:55 Loom
5:26 Wheelbarrow
12:22 Feudal Age
19:17 Castle Age
L3GAL
0:32 Loom
10:54 Feudal Age
11:15 Man-at-Arms
12:01 Double-Bit Axe
14:26 Horse Collar
17:38 Bloodlines
17:51 Gold Mining
22:59 Castle Age
22:32 Forging
24:33 Light Cavalry
25:21 Scale Barding Armor
25:38 Long Swordsman
28:10 Wheelbarrow
28:07 Husbandry
29:48 Iron Casting
29:03 Pikeman
30:20 Squires
31:51 Gold Shaft Mining
32:12 Scale Mail Armor
32:37 Hand Cart
32:57 Heavy Plow
32:59 Detinets
サンテアゴ
10:59 Feudal Age
15:07 Castle Age
15:30 Loom
16:43 Double-Bit Axe
22:04 Bow Saw
22:37 Scale Barding Armor
22:44 Forging
23:23 Gold Mining
25:38 Wheelbarrow
28:30 Chain Barding Armor
35:03 Stone Mining
35:52 Gold Shaft Mining
37:50 Imperial Age
37:38 Husbandry
38:49 Iron Casting
38:16 Cavalier
DeathBlack
1:22 Loom
9:35 Feudal Age
10:14 Double-Bit Axe
11:24 Wheelbarrow
17:34 Scale Barding Armor
19:00 Forging
天線迪西
0:28 Loom
13:28 Feudal Age
14:38 Double-Bit Axe
14:58 Horse Collar
19:32 Castle Age
20:11 Scale Mail Armor
20:22 Forging
20:47 Pikeman
21:52 Fletching
25:08 Squires
29:04 Bow Saw
30:09 Bodkin Arrow
33:56 Heavy Plow
33:50 Gold Mining
34:13 Stone Mining
34:22 Crossbowman
39:09 Wheelbarrow
catchdaniel
6:39 Loom
10:33 Feudal Age
12:28 Double-Bit Axe
14:11 Fletching
20:45 Padded Archer Armor
24:03 Wheelbarrow
28:02 Castle Age
28:07 Crossbowman
28:44 Bodkin Arrow
29:12 Thumb Ring
29:48 Leather Archer Armor
31:03 Gold Mining
31:31 Bow Saw
32:29 Gold Shaft Mining
33:48 Ballistics
36:19 Hand Cart
41:43 Imperial Age
SB 打碎小粉紅
0:34 Loom
7:40 Loom
8:56 Wheelbarrow
11:30 Feudal Age
11:36 Double-Bit Axe
17:07 Castle Age
15:49 Bow Saw
15:37 Gold Mining
16:08 Horse Collar
17:07 Gold Shaft Mining
17:07 Stone Mining
20:36 Hand Cart
22:51 Heavy Plow
26:03 Crop Rotation
27:18 Two-Man Saw
29:28 Cavalier
30:11 Husbandry
30:46 Town Watch
33:55 Imperial Age
30:55 Light Cavalry
31:44 Scale Barding Armor
31:49 Forging
32:17 Burgundian Vineyards
33:33 Chain Barding Armor
33:50 Iron Casting
34:05 Paladin
34:08 Hussar
35:26 Conscription
38:01 Plate Barding Armor
38:26 Blast Furnace
37:47 Caravan
38:10 Fletching
rush then rush
0:59 Loom
13:09 Feudal Age
15:12 Wheelbarrow
14:25 Double-Bit Axe
14:22 Horse Collar
15:25 Gold Mining
17:58 Bloodlines
23:18 Castle Age
22:49 Scale Barding Armor
22:54 Forging
24:12 Husbandry
24:34 Chain Barding Armor
28:39 Gold Shaft Mining
34:03 Hand Cart
34:00 Bow Saw
33:51 Heavy Plow
34:45 Stone Mining
41:52 Imperial Age
Connection lost

Rejoining the realm…

Still unreachable

The connection could not be restored.

Session expired

The server has moved on; the page needs a fresh start.